 Dungeon Crawl Stone Soup version 0.30-a0-799-g109b55a442 (webtiles) character file.

Game seed: 1744808748542955035

154 miscthings the Magician (level 5, 0/35 HPs)
             Began as a Djinni Conjurer on Feb 20, 2023.
             Slain by a gnoll
             ... wielding a +0 spear
              (7 damage)
             ... on level 3 of the Dungeon.
             The game lasted 00:04:36 (1763 turns).

miscthings the Magician (Djinni Conjurer)           Turns: 1763, Time: 00:04:37

Health: 0/35       AC:  4    Str:  6    XL:     5   Next: 62%
Gold:   116        EV: 12    Int: 22    God:
                   SH:  0    Dex: 11

rFire   + + .      SeeInvis .    j - +2 whip (flame)
rCold   x . .      Faith    .    (no shield)
rNeg    . . .      Spirit   .    a - +0 robe
rPois   ∞          Reflect  .    b - +0 helmet
rElec   .          Harm     .    v - scarf {repulsion}
rCorr   .          Rampage  .    p - +0 pair of gloves
Will    .....                    (boots unavailable)
Stlth   ++                       (no amulet)
HPRegen 0.25/turn                (no ring)
MPRegen 0.00/turn                (no ring)

@: flying, repel missiles
A: sickness immunity, fire resistance 2, cold vulnerability 1, float, innate
caster, HP casting, extra vitality 1
a: no special abilities


You were on level 3 of the Dungeon.
You visited 1 branch of the dungeon, and saw 3 of its levels.

You collected 134 gold pieces.
You spent 18 gold pieces at shops.

Inventory:

Hand Weapons
 j - a +2 whip of flaming (weapon)
Armour
 a - a +0 robe (worn)
 b - a +0 helmet (worn)
 p - a +0 pair of gloves (worn)
 v - a scarf of repulsion (worn)
Wands
 x - a wand of mindburst (7)
Scrolls
 c - a scroll of blinking {unknown}
 f - a scroll of enchant armour {unknown}
 h - a scroll of immolation {unknown}
 l - 3 scrolls of amnesia {unknown}
 q - a scroll of noise {unknown}
 r - a scroll of fog {unknown}
 t - a scroll of magic mapping {unknown}
 w - a scroll of teleportation {unknown}
Potions
 d - a potion of mutation {unknown}
 e - 2 potions of invisibility {unknown}
 g - a potion of flight {unknown}
 i - a potion of attraction {unknown}
 k - a potion of ambrosia {unknown}
 m - 2 potions of curing {unknown}
 n - a potion of heal wounds {unknown}
 o - a potion of might {unknown}
 s - a potion of lignification {unknown}
 u - a potion of magic {unknown}


   Skills:
 - Level 2.1 Dodging
 - Level 1.5 Stealth
 + Level 5.1 Spellcasting


You knew the following spells:

 Your Spells              Type           Power      Damage    Failure   Level
a - Searing Ray           Conj           56%        2d6       1%          2
b - Magic Dart            Conj           100%       1d8       1%          1
c - Dazzling Flash        Conj/Hex       56%        N/A       3%          3
d - Fulminant Prism       Conj/Hex       14%        3d9       12%         4
e - Iskenderun's Mystic   Conj/Tloc      28%        2d7       12%         4
f - Sandblast             Erth           56%        2d13      1%          1
g - Scorch                Fire           56%        2d7       1%          2
Your spell library was empty.

Dungeon Overview and Level Annotations

Branches:
Dungeon (3/15)

Altars:
Yredelemnul

Shops:
D:1 *

Annotations:
D:3 bande's ghost, amateur GrFi


Innate Abilities, Weirdness & Mutations

You are immune to sickness and miasma.
You are immune to poison.
Your flesh is very heat resistant. (rF++)
You are vulnerable to cold. (rC-)
You float through the air rather than walking.
You learn spells naturally, not from books.
Your magical power is your life essence.
You have superior vitality. (+4 MHP)


Message History

Press: ? - help, Dir - move target
Okay, then.
The gnoll attacks as you move away! The gnoll barely misses you.
Casting: Fulminant Prism (quite dangerous; 12% risk of failure)
Confirm with . or Enter, or press ? or * to list all spells.
The spell is quite dangerous to miscast (12% risk of failure)!
Continue anyway?
Aiming: Fulminant Prism (quite dangerous; 12% risk of failure)
Press: ? - help, Dir - move target You conjure a prism of explosive energy!
A fulminant prism comes into view.
The gnoll hits you with a +0 club! The gnoll attacks as you move away!
The gnoll barely misses you. The gnoll misses you.
Your fulminant prism crackles loudly.
There is an open translucent door here.
The gnoll attacks as you move away! The gnoll hits you with a +0 club.
The gnoll hits something with a +0 spear of pain.
You hear an explosion!
The blast of energy engulfs the gnoll!
The gnoll is severely wounded.
The blast of energy engulfs the gnoll.
The gnoll is severely wounded.
The blast of energy engulfs the gnoll.
The gnoll is heavily wounded.
The gnoll attacks as you move away! The gnoll barely misses you.
The gnoll attacks as you move away! The gnoll hits you with a +0 whip.
The gnoll closely misses you.
There is a transporter here.
You enter the transporter and appear at another place.
The gnoll hits you with a +0 whip. The gnoll misses you.
Casting: Fulminant Prism (quite dangerous; 12% risk of failure)
Confirm with . or Enter, or press ? or * to list all spells.
The spell is quite dangerous to miscast (12% risk of failure)!
Continue anyway?
You erupt in a blast of force!
The mystic blast hits the gnoll!
You kill the gnoll!
The mystic blast hits the gnoll.
The gnoll is moderately wounded.
* * * LOW HITPOINT WARNING * * *
The gnoll hits you with a +0 spear!
You die...

##..≈≈###...............###≈≈....
....≈≈.8#)##'###'######.#8.≈≈....
.##.≈≈.##.#...#..8#!.$#.##.≈≈....
.#..~~.#..'.!gg.W⌠#:.$'..#.~~....
.#..≈≈.##.#...#g.8#=.$#.##.≈≈....
.#..≈≈.8#.##'###g######.#8.≈≈....
....≈≈###.......gg......###≈≈....
.#..≈≈#...###.#####©###...#≈≈....
.##.≈≈#.#.#.###.@.###.#.#.#≈≈....
....≈≈#####.....)g....#####≈≈....
###.≈≈≈≈≈≈≈≈≈≈≈≈~≈≈≈≈≈≈≈≈≈≈≈≈....
##..≈≈≈≈≈≈≈≈≈≈≈≈~≈≈≈≈≈≈≈≈≈≈≈≈....
.................................
......#..........................
.................................
......#.........<................
......#..........................


You could see a gnoll sergeant, bande's ghost and 4 gnolls.

Vanquished Creatures
  A hound zombie (D:3)
  4 gnolls (D:3)
  3 adders
  An adder zombie (D:3)
  4 dart slugs
  An orc (D:3)
  3 endoplasms
  6 hobgoblins
  4 jackals (D:2)
  5 quokkas
  6 ball pythons
  4 bats
  4 frilled lizards
  8 goblins
  11 kobolds
  6 rats
71 creatures vanquished.

Vanquished Creatures (others)
  A fulminant prism (D:3)
  6 plants (D:3)
7 creatures vanquished.

Grand Total: 78 creatures vanquished

Notes
Turn   | Place    | Note
-------+----------+-------------------------------------------
     0 | D:1      | miscthings the Djinni Conjurer began the quest for the Orb.
     0 | D:1      | miscthings set off with the following spells memorised:
                  | Magic Dart, Searing Ray, Dazzling Flash, Fulminant Prism,
                  | Iskenderun's Mystic Blast.
     0 | D:1      | Reached XP level 1. HP: 15/15 MP: 0/0
    73 | D:1      | Reached XP level 2. HP: 16/21 MP: 0/0
   162 | D:1      | Found Enuodac's Assorted Antiques.
   165 | D:1      | Bought a cyan potion for 18 gold pieces
   239 | D:1      | Reached XP level 3. HP: 21/25 MP: 0/0
   239 | D:1      | Learned a level 1 spell: Sandblast
   317 | D:1      | Reached skill level 4 in Spellcasting
   734 | D:2      | Reached XP level 4. HP: 29/31 MP: 0/0
  1237 | D:3      | Reached XP level 5. HP: 23/35 MP: 0/0
  1237 | D:3      | Learned a level 2 spell: Scorch
  1422 | D:3      | Found a transporter.
  1434 | D:3      | Noticed bande's ghost (amateur GrFi)
  1506 | D:3      | Found a transporter.
  1553 | D:3      | Reached skill level 5 in Spellcasting
  1559 | D:3      | Found a basalt altar of Yredelemnul.
  1763 | D:3      | Slain by a gnoll

Illustrated notes

Levels and vault maps discovered:
D:1:      zaba_arrival_water, layout_rooms, serial_shops,
          nicolae_shop_hallway_stairs, st_stairs_8, minmay_close_crescents
D:2:      layout_loops_ring, small_statue_intersection
D:3:      layout_basic, lemuel_zombie_altar_yredelemnul,
          gammafunk_ghost_gnarly_gnolls

Skill      XL: |  1  2  3  4  5 |
---------------+----------------+-----
Spellcasting   | 4 5 |  5.1
Dodging        | |  2.1
Stealth        | |  1.5

Action                     |  1- 3 |  4- 6 || total
---------------------------+-------+-------++-------
  Melee: Whip              |     1 |       ||     1
   Cast: Magic Dart        |    50 |     9 ||    59
         Searing Ray       |    11 |    19 ||    30
         Iskenderun's Myst |       |     2 ||     2
         Fulminant Prism   |       |     1 ||     1
         Dazzling Flash    |       |     1 ||     1
 Armour: Robe              |     1 |     4 ||     5
  Dodge: Dodged            |     8 |    15 ||    23

Table legend: (Time is in decaauts)
 A = Elapsed time spent in this place.
 B = Non-inter-level travel time spent in this place.
 C = Inter-level travel time spent in this place.
 D = Time resting spent in this place.
 E = Time spent auto-exploring this place.
 F = Levels seen in this place.
 G = Mean time per level.
                   A        B        C        D        E       F      G
               +--------+--------+--------+--------+--------+-----+--------+
         Total |   1762 |   1705 |     57 |     57 |   1282 |   3 |  587.3 |
       Dungeon |   1762 |   1705 |     57 |     57 |   1282 |   3 |  587.3 |
               +--------+--------+--------+--------+--------+-----+--------+

Top non-repeatable levels by time:
     D:2: 688 daAuts
     D:3: 622 daAuts
     D:1: 450 daAuts
